Map: Catallena LE (Void)

Players

Beastyqt

  • Race: Terran Terran
  • League: Master
  • Spawn Location: 12:00

A.I. 1 (Very Easy) - Winner!

  • Race: Zerg Zerg
  • Spawn Location: 9:00

VOD

Have the link to the VOD?

Description

Time

  • Played on: July 26, 2017, 7:41 a.m.
  • Length: 9:50
Show
View Real Time Build Order
Export as new Build Order

Beastyqt Terran 

Build Orders: Command Center First (CC), Mech 

Get SALT Encoding   

  12  0:01  SCV  
  13  0:13  SCV  
  14  0:17  Supply Depot  
  14  0:25  SCV  
  15  0:39  SCV  
  16  0:51  SCV  
  17  1:01  Command Center  
  17  1:04  SCV  
  18  1:14  Barracks  
  18  1:17  SCV  
  19  1:22  Refinery  
  19  1:29  SCV  
  19  1:31  Refinery  
  20  1:41  SCV  
  21  2:01  Reaper, Orbital Command  
  22  2:12  Orbital Command  
  22  2:21  Factory  
  22  2:27  SCV  
  23  2:34  Barracks Reactor  
  23  2:38  SCV  
  23  2:39  SCV  
  25  2:47  Factory  
  25  2:50  SCV  
  26  2:52  SCV  
  27  3:02  Supply Depot, SCV  
  28  3:06  SCV  
  28  3:09  Armory  
  29  3:14  SCV  
  29  3:18  SCV  
  31  3:22  Hellion  
  31  3:23  Barracks Reactor, Hellion  
  31  3:26  SCV  
  36  3:33  Supply Depot, Hellion  
  38  3:34  SCV  
  38  3:38  SCV  
  40  3:44  Hellion  
  40  3:46  Hellion, SCV  
  45  3:50  SCV  
  45  3:54  Supply Depot  
  46  3:56  Supply Depot  
  46  3:59  SCV  
  47  4:03  SCV  
  47  4:04  Terran Vehicle Weapons Level 1  
  50  4:10  Hellion x2  
  50  4:11  SCV  
  50  4:15  SCV  
  50  4:17  Supply Depot  
  54  4:18  Supply Depot  
  54  4:19  Cyclone  
  54  4:23  SCV  
  58  4:25  Cyclone  
  58  4:27  SCV  
  62  4:35  SCV  
  62  4:36  Hellion  
  62  4:37  Hellion  
  67  4:39  SCV  
  68  4:47  SCV  
  69  4:54  Cyclone  
  69  4:55  Command Center  
  69  4:56  Supply Depot  
  69  4:57  SCV  
  69  4:59  SCV  
  74  5:03  Hellion x2  
  78  5:09  Refinery x2, SCV  
  78  5:12  SCV  
  80  5:14  Supply Depot x2  
  81  5:21  Hellion, SCV  
  81  5:24  SCV  
  84  5:31  Hellion x2  
  84  5:33  SCV  
  92  5:37  SCV  
  92  5:42  Factory  
  90  5:43  Factory  
  90  5:44  Factory  
  90  5:45  SCV  
  90  5:47  Supply Depot  
  90  5:49  SCV  
  92  5:54  Supply Depot  
  92  5:57  SCV  
  92  6:00  Terran Vehicle Weapons Level 2  
  92  6:01  SCV  
  92  6:03  Engineering Bay  
  94  6:08  Orbital Command  
  94  6:09  SCV  
  95  6:14  SCV, Cyclone  
  99  6:19  Hellion  
  99  6:20  Hellion  
  99  6:24  Refinery x2, SCV  
  104  6:26  Factory Tech Lab x2  
  104  6:28  Factory Tech Lab  
  104  6:30  SCV  
  105  6:35  SCV  
  105  6:36  SCV  
  107  6:42  SCV  
  108  6:47  SCV  
  108  6:48  SCV  
  108  6:50  Siege Tank x3  
  108  6:51  Hellion x2  
  123  6:54  SCV  
  123  6:56  Supply Depot  
  123  6:58  Supply Depot  
  123  6:59  Supply Depot, SCV  
  123  7:00  SCV  
  126  7:05  Hellion  
  126  7:06  SCV  
  129  7:11  SCV  
  129  7:12  Supply Depot  
  130  7:15  Missile Turret  
  130  7:20  Hellion x2, Infernal Pre-Igniter, Missile Turret  
  134  7:29  Siege Tank x3  
  143  7:30  Hellion  
  145  7:41  Command Center  
  145  7:49  Missile Turret  
  145  7:50  Missile Turret  
  145  7:54  Missile Turret  
  145  7:55  Hellion x2  
  145  7:56  Hellion x2  
  153  8:02  Thor  
  159  8:06  Thor  
  167  8:15  Supply Depot  
  167  8:16  Supply Depot  
  167  8:17  Hellion  
  169  8:33  Hellion  
Show
View Real Time Build Order
Export as new Build Order

A.I. 1 (Very Easy) Zerg - Winner!

Build Orders: Pool First 

Get SALT Encoding   

  12  0:00  Drone  
  13  0:12  Overlord  
  13  0:18  Drone  
  14  0:36  Spawning Pool  
  14  0:37  Extractor  
  14  0:40  Drone  
  13  0:47  Drone  
  14  0:52  Overlord  
  14  1:23  Zergling x2  
  14  1:24  Queen  
  17  1:32  Roach Warren  
  16  1:34  Drone  
  16  1:39  Extractor  
  16  1:40  Zergling x2  
  16  1:43  Drone  
  18  1:56  Drone  
  18  1:57  Zergling x2  
  20  2:07  Drone  
  21  2:17  Drone  
  22  2:28  Drone  
  23  2:30  Overlord  
  23  2:35  Drone  
  24  2:42  Drone  
  25  4:26  Zergling x2  
  25  5:39  Lair, Drone  
  26  5:46  Drone  
  27  5:53  Drone  
  28  6:00  Drone  
  28  6:02  Overlord  
  29  6:06  Zergling x2, Hatchery  
  29  6:08  Drone  
  27  6:15  Drone  
  28  6:30  Zergling x2  
  29  6:36  Overseer x2  
  29  6:41  Spire, Drone  
  29  6:53  Zergling x2  
  30  7:18  Drone  
  31  7:26  Drone  
  31  7:28  Extractor  
  31  7:31  Extractor  
  31  7:33  Drone  
  31  7:40  Drone  
  32  7:47  Drone  
  33  7:52  Mutalisk  
  33  7:54  Drone  
  36  8:02  Drone  
  37  8:09  Drone  
  38  8:16  Drone  
  39  8:23  Drone  
  40  8:30  Drone  
  41  8:38  Drone  
  42  8:45  Drone  
  43  8:52  Drone  
  44  8:59  Drone  
  44  9:01  Overlord  
  45  9:07  Drone  
  46  9:14  Drone  
Tags
 
Add a new tag
Caveats
  • Supply blocks, unpowered buildings, or Contaminate may cause inaccurate times.
  • Supply counts are checked every 10 seconds.